[Event "NJSK 2018 Meisjes C"]
[Site "Assen, Netherlands"]
[Date "2018.05.02"]
[Round "4.2"]
[White "Huang, Wendy"]
[Black "De Putter, Nina"]
[Result "1-0"]
[TimeControl "40/90m+30m+30sec/move"]
[WhiteElo "1572"]
[BlackElo "1672"]

1. e4 e5 2. Nf3 Nc6 3. Bc4 Bc5 4. c3 Nf6 5. d3 h6 6. Nbd2 O-O 7. O-O d6 8. Re1 Bg4 9. h3 Be6 10.
Bxe6 fxe6 11. Qb3 Qc8 12. Nf1 Bb6 13. Ng3 Kh8 14. Be3 Qd7 15. Bxb6 axb6 16. d4 exd4 17. cxd4 Ra5 18. Rad1 Nh5 19.
d5 exd5 20. exd5 Qf7 21. dxc6 Qxb3 22. axb3 bxc6 23. Nxh5 Rxh5 24. Re7 Rb5 25. Rxc7 Rxb3 26. Rxc6 Rxb2 27. Rcxd6 b5 28. Rd8 Rxd8 29.
Rxd8 Kh7 30. Rb8 b4 31. Nd4 Kg6 32. Nc6 b3 33. Na5 Rb1+ 34. Kh2 b2 35. Nc4 Rc1 36. Nxb2 Rb1 37. Rb6+ Kf7 38.
Nc4 Rf1 39. f3 Rc1 40. Ne5+ Ke8 41. Re6+ Kd8 42. Rg6 Rc7 43. Nc6+ Ke8 44. Nd4 Re7 45. Nf5 Re5 46. Nxg7+ Kf7 47.
Rg3 Rc5 48. f4 Rc4 49. Nh5 Rc5 50. f5 Rxf5 51. Rf3 Rxf3 52. gxf3 Kg6 53. Nf4+ Kf5 54. Kg3 Kg5 55. Nd5 h5 56.
h4+ Kf5 57. Ne3+ Kg6 58. Kf4 Kf6 59. Nd5+ Ke6 60. Ke4 Kf7 61. Kf5 Kg7 62. Kg5 1-0

[Event "NJSK 2018 Meisjes C"]
[Site "Assen, Netherlands"]
[Date "2018.05.02"]
[Round "4.3"]
[White "Hatzmann, Mirthe"]
[Black "De Zoeten, Cato"]
[Result "1-0"]
[TimeControl "40/90m+30m+30sec/move"]
[WhiteElo "1323"]
[BlackElo "1496"]

1. e4 c5 2. d3 Nc6 3. g3 e6 4. Nf3 d6 5. Bg2 Nf6 6. Nc3 Be7 7. O-O O-O 8. Re1 a6 9. a4 Qc7 10.
d4 cxd4 11. Nxd4 Bd7 12. h3 Rac8 13. Be3 Ne5 14. Rb1 Nc4 15. Bc1 Nb6 16. Ra1 Rfd8 17. Qd3 Qc4 18. a5 Na8 19. Qxc4 Rxc4 20.
Nb3 Rcc8 21. e5 dxe5 22. Bxb7 Rb8 23. Bxa6 Nc7 24. Bd3 Bc6 25. Bf1 Bd6 26. Bg2 Nfd5 27. Bd2 f6 28. Ne4 Be7 29.
Red1 Rdc8 30. a6 Ra8 31. Nec5 Bxc5 32. Nxc5 Ne7 33. b4 Bxg2 34. Kxg2 Kf7 35. c4 Ne8 36. Rdc1 Nd6 37. Kf3 Ndf5 38. Be3 Nd4+ 39. Bxd4 exd4 40. Ke2 Nc6 41. Nb7 Ke7 42.
b5 Ne5 43. c5 Nd7 44. a7 e5 45. c6 Nb6 46. Rc5 Ke6 47. Ra6 Nd5 48. c7+ 1-0

[Event "NJSK 2018 Meisjes C"]
[Site "Assen, Netherlands"]
[Date "2018.05.02"]
[Round "4.4"]
[White "Bogouslavskii, Veronique"]
[Black "Den Heijer, Rolinde"]
[Result "1-0"]
[TimeControl "40/90m+30m+30sec/move"]
[WhiteElo "1004"]
[BlackElo "1538"]

1. d4 Nf6 2. c4 e6 3. Nc3 b6 4. Nf3 Bb7 5. Bf4 Bb4 6. Qc2 Be4 7. Qc1 O-O 8. a3 Bxc3+ 9. Qxc3 h6 10.
Ne5 d6 11. Nd3 Nbd7 12. f3 Bxd3 13. Qxd3 Rc8 14. e4 d5 15. cxd5 exd5 16. e5 Qe7 17. Be2 Nh7 18. O-O Ng5 19.
Bd1 Ne6 20. Bc2 f5 21. exf6 Nxf6 22. Be5 g5 23. Rfe1 c6 24.
Re2 Qh7 25. Qxh7+ Nxh7 26. Bd3 Rf7 27. Bg6 Rff8 28. Bd6 Nxd4 29. Re7 Nf6 30. Rb7 Nb3 31. Re1 Rfd8 32. Bf7+ Kh8 33. Be5 Kg7 34.
Be6+ Kg6 35. Bxc8 Rxc8 36. Rxa7 Re8 37. Kf2 d4 38. Bxf6 Rxe1 39. Kxe1 Kxf6 40. Ra6 Ke5 41. Rxb6 Na5 42.
Ra6 Nb3 43. Rxc6 d3 44. Rc3 1-0

[Event "NJSK 2018 Meisjes C"]
[Site "Assen, Netherlands"]
[Date "2018.05.02"]
[Round "4.5"]
[White "Honkoop, Stella"]
[Black "Morote, Luna"]
[Result "1-0"]
[TimeControl "40/90m+30m+30sec/move"]
[WhiteElo "1583"]
[BlackElo "1415"]

1. e4 c5 2. d3 d6 3. g3 Nf6 4. Bg2 e6 5. Nf3 Be7 6. O-O Nc6 7. c3 a6 8. a4 O-O 9. Nbd2 Qc7 10.
Qe2 b6 11. Rd1 Bb7 12. Nf1 Rac8 13. Ne3 Na5 14. h4 Rfd8 15. Nd2 Bf8 16. Ng4 Be7 17. b3 Re8 18. Rb1 d5 19. Nf1 Nxg4 20.
Qxg4 Bf6 21. Bd2 dxe4 22. dxe4 Rcd8 23. Rdc1 Kh8 24. Qe2 Rd7 25. Re1 Red8 26. e5 Be7 27. Bxb7 Qxb7 28. Bf4 Rd3 29.
Rec1 Qf3 30. Qxf3 Rxf3 31. Be3 f6 32. exf6 Rxf6 33. Bg5 Rf7 34. Bxe7 Rxe7 35. b4 cxb4 36. cxb4 Nb7 37. Rc6 Rd6 38.
Rc8 Rd8 39. Rbc1 Red7 40. R1c6 Rxc8 41. Rxc8 Rd8 42. Rc7 Rb8 43. Re7 Kg8 44. Rxe6 Nd8 45. Re4 Kf7 46. Ne3 b5 47. a5 Nc6 48. Kf1 Re8 49. Rf4+ Ke6 50. Nc2 Rd8 51. Ke2 Rd7 52.
Ke3 Rd1 53. Nd4+ Nxd4 54. Rxd4 Rc1 55. f3 Rc3+ 56. Ke4 Rc1 57. h5 Re1+ 58. Kf4 Rc1 59. Kg5 Rc3 60. Rf4 Rc7 61. h6 Rd7 62. Re4+ Kf7 63. hxg7 Kxg7 64. Re6 Rd5+ 65. Kf4 Rd4+ 66.
Re4 Rd6 67. g4 Rf6+ 68. Kg3 Kg6 69. f4 h6 70. Kh4 Rd6 71. f5+ Kg7 72. Rf4 Rf6 73. g5 hxg5 74. Kxg5 Rd6 75. Re4 Kf7 76.
Kf4 Kf6 77. Kg4 Kg7 78. Kg5 Kf7 79. Rf4 Kg7 80. Rg4 Kf7 81. Kf4 Rd4+ 82. Kf3 Rd3+ 83. Ke4 Rd6 84. Rg6 1-0

[Event "NJSK 2018 Meisjes C"]
[Site "Assen, Netherlands"]
[Date "2018.05.02"]
[Round "4.6"]
[White "Van Essen, Marieke"]
[Black "Cordes, Jule"]
[Result "1-0"]
[TimeControl "40/90m+30m+30sec/move"]
[WhiteElo "1282"]
[BlackElo "1551"]

1. e4 e5 2. Nf3 Nc6 3. Bc4 Bc5 4. Nc3 d6 5. h3 Be6 6. Bb3 Nf6 7. d3 Qd7 8. Be3 Bxe3 9. fxe3 O-O-O 10. Nd5 Ne7 11. c4 Rdg8 12. Ba4 Qd8 13. Qb3 c6 14. Nxe7+ Qxe7 15. Qa3 a5 16. Nxe5 Bxh3 17. Nxc6 bxc6 18.
gxh3 Qc7 19. O-O-O Kd7 20. Qc3 Qb6 21. Qd4 Kc7 22. e5 Qxd4 23. exd4 Nd7 24. exd6+ Kxd6 25. Rde1 f6 26. c5+ Kc7 27.
Re6 Nb8 28. Re7+ Kc8 29. Bb3 Rd8 30. Be6+ Nd7 31. Rxg7 h5 32. Rf1 Rh6 33. Rf7 Kc7 34. Rf5 h4 35. Kc2 Rg6 36. Rh5 Rg2+ 37.
Kc3 Re2 38. Bg4 Re1 39. Rxh4 Rf1 40. Rhh7 f5 41. Bxf5 Rxf5 42. Rxf5 Kc8 43. Rff7 Kc7 44. h4 Kc8 45. h5 Kc7 46.
h6 Kc8 47. Rxd7 1-0

[Event "NJSK 2018 Meisjes C"]
[Site "Assen, Netherlands"]
[Date "2018.05.02"]
[Round "4.7"]
[White "Martinez, Sara"]
[Black "Velasco, Kathleen"]
[Result "1-0"]
[TimeControl "40/90m+30m+30sec/move"]
[WhiteElo "1446"]
[BlackElo "1284"]

1. e4 e5 2. Nf3 Nc6 3. d4 exd4 4. Nxd4 Bc5 5. Be3 Qf6 6. c3 Nge7 7. Bc4 Ne5 8. Be2 Qg6 9. O-O Qxe4 10.
Nd2 Qg6 11. N2b3 Bb6 12. f4 Qe4 13. Qd2 N5c6 14. Rae1 O-O 15. f5 Nxd4 16. Nxd4 c5 17. Nb3 d6 18. Bf3 Qe5 19. Bg5 c4+ 20.
Nd4 Bxd4+ 21. cxd4 Qb5 22. Bxe7 Re8 23. f6 gxf6 24. Bxf6 Re6 25. Rxe6 fxe6 26. Qh6 Qd7 27. Bh5 e5 28.
Qg5+ Kf8 29. Bh8+ Qf7 30. Qd8# 1-0

[Event "NJSK 2018 Meisjes C"]
[Site "Assen, Netherlands"]
[Date "2018.05.02"]
[Round "4.8"]
[White "Jonkman Inza, Amelia Marry"]
[Black "Arnold, Kiri"]
[Result "1/2-1/2"]
[TimeControl "40/90m+30m+30sec/move"]
[WhiteElo "1222"]
[BlackElo "1340"]

1. d4 Nf6 2. c4 c5 3. Nf3 g6 4. Nc3 Bg7 5. e4 cxd4 6. Nxd4 d6 7. h3 a6 8. Bd3 O-O 9. O-O Nc6 10.
Nf3 Bd7 11. Bg5 Rc8 12. Rc1 Nb4 13. Be2 Nc6 14. Qd2 Re8 15. Rfd1 Be6 16. Bf4 Nh5 17. Bh6 Nf6 18. a3 Na5 19.
Qg5 Qc7 20. Nd5 Qd8 21. Bxg7 Kxg7 22. b4 Nc6 23. Nc3 Qc7 24. c5 Qb8 25. cxd6 exd6 26. Nd4 Bd7 27. Bf3 Ne5 28. Be2 Nc6 29.
f3 Qa7 30. Qe3 Qb8 31. Kh1 Re7 32. Qg5 Ree8 33. g4 Rh8 34. Nd5 Nxd5 35. Qxd5 Nxd4 36. Qxd4+ f6 37. h4 Rxc1 38. Rxc1 Rc8 39.
Rd1 Ba4 40. Rd2 Rc1 41. Kg2 Rc2 42. g5 Qd8 43. f4 Rxd2 44. Qxd2 Bc6 45. Bf3 Qe7 46. Qd4 Kf7 47. gxf6 Qxf6 48. Qxf6+ Kxf6 49. Kf2 h6 50. Ke3 Bd7 51. Kd4 Bc6 52.
Bg4 Ke7 53. e5 Bd7 54. Bxd7 Kxd7 55. Ke4 dxe5 56. Kxe5 Ke7 57. a4 b5 58. a5 Kf7 59. Kd6 Kf6 60. Kc6 Kf5 61. Kb6 Kxf4 62. Kxa6 g5 63. hxg5 hxg5 64.
Kxb5 g4 65. a6 g3 66. a7 g2 67.
a8=Q g1=Q 68. Qf8+ Ke4 69. Qe7+ Kf4 70. Qc5 Qg7 71. Qf2+ Ke4 72. Qc2+ Kf4 73. Ka6 Qa1+ 74. Kb5 Qg7 75.
Kb6 Qg1+ 76. Qc5 Qg6+ 77. Kb5 Qe8+ 78. Kc4 Qe2+ 79. Kb3 Qd1+ 80. Qc2 Qxc2+ 81. Kxc2 Ke5 82. Kc3 Kd6 83. Kd4 Kc6 84. Kc4 Kb6 85. b5 Kb7 86. Kc3 Kc7 87. Kb3 Kb7 88. Kc4 Kb6 89.
Kb4 Kb7 90. Ka5 Ka7 91. b6+ Kb7 92. Kb5 Kb8 93. Kc5 Kb7 94. Kb5 Kb8 95. Kc6 Kc8 96. b7+ Kb8 97. Kb6 1/2-1/2

[Event "NJSK 2018 Meisjes C"]
[Site "Assen, Netherlands"]
[Date "2018.05.03"]
[Round "5.1"]
[White "Hatzmann, Mirthe"]
[Black "Huang, Wendy"]
[Result "1/2-1/2"]
[TimeControl "40/90m+30m+30sec/move"]
[WhiteElo "1323"]
[BlackElo "1572"]

1. e4 e5 2. Nf3 Nc6 3. Bc4 Bc5 4.
d3 Nf6 5. O-O d6 6. Be3 Bb6 7. h3 Be6 8. Bb3 h6 9. Nc3 Qd7 10. d4 exd4 11. Nxd4 Nxd4 12. Bxd4 O-O-O 13. Re1 Nh7 14.
Bxe6 Qxe6 15. Bxb6 axb6 16. a4 Qe5 17. Qd5 Qxd5 18. Nxd5 Rhe8 19. c4 Ng5 1/2-1/2

[Event "NJSK 2018 Meisjes C"]
[Site "Assen, Netherlands"]
[Date "2018.05.03"]
[Round "5.2"]
[White "Basa, Manasvita"]
[Black "Bogouslavskii, Veronique"]
[Result "1/2-1/2"]
[TimeControl "40/90m+30m+30sec/move"]
[WhiteElo "1402"]
[BlackElo "1004"]

1. e4 e5 2. Nf3 Nc6 3. Bc4 Be7 4. Nc3 Nf6 5. d3 d6 6. h3 Na5 7. Bb3 Nxb3 8. axb3 O-O 9. O-O c6 10.
d4 Qc7 11. Qd3 Be6 12. Ne2 Rfd8 13. c4 b6 14. d5 cxd5 15. cxd5 Bd7 16. Bd2 Qb7 17. Rac1 Rdc8 18. Nh2 a6 19.
Nc3 b5 20. b4 Bd8 21. f4 Bb6+ 22. Be3 exf4 23. Rxf4 Bxe3+ 24. Qxe3 Qa7 25. Qxa7 Rxa7 26. Nf3 Rc4 27. Nd2 Rxb4 28.
b3 Rd4 29. Rc2 Rc7 30. Kf2 Rd3 31. Rf3 Rxf3+ 32. Kxf3 b4 33. Nc4 bxc3 34. Nxd6 Bb5 35. Kf4 Kf8 36. Ke5 Bd3 37. Rc1 c2 38.
Kd4 Be2 39. Nc4 Bd1 40. Nd6 1/2-1/2

[Event "NJSK 2018 Meisjes C"]
[Site "Assen, Netherlands"]
[Date "2018.05.03"]
[Round "5.3"]
[White "De Zoeten, Cato"]
[Black "Raulji, Kavya"]
[Result "1-0"]
[TimeControl "40/90m+30m+30sec/move"]
[WhiteElo "1496"]
[BlackElo "1394"]

1. e4 c5 2. Nf3 d6 3. d4 cxd4 4. Nxd4 Nf6 5. Nc3 a6 6. Bg5 e6 7. f4 Be7 8. Qf3 Nbd7 9. O-O-O Qc7 10.
Bd3 b5 11. Rhe1 Bb7 12. Qg3 b4 13. Nd5 Bxd5 14. exd5 e5 15. fxe5 Nxe5 16. Nf5 Rg8 17. Nxe7 Qxe7 18. Rxe5 dxe5 19.
d6 Qd8 20. Qxe5+ Kf8 21. Be4 Rb8 22. d7 Rh8 23. Bf4 Rb5 24. Qc7 Ke7 25. Qd6# 1-0

[Event "NJSK 2018 Meisjes C"]
[Site "Assen, Netherlands"]
[Date "2018.05.03"]
[Round "5.4"]
[White "De Putter, Nina"]
[Black "Martinez, Sara"]
[Result "1-0"]
[TimeControl "40/90m+30m+30sec/move"]
[WhiteElo "1672"]
[BlackElo "1446"]

1. e4 e6 2. Nf3 d5 3. e5 c5 4. b4 cxb4 5. a3 Nc6 6. axb4 Bxb4 7. c3 Ba5 8.
d4 Nge7 9. Bd3 O-O 10. Bxh7+ Kh8 11. Bd3 Bd7 12. Ng5 g6 13. Qf3 Kg7 14. h4 Nxd4 15. Qf6+ Kg8 16. h5 Nef5 17. Qxd8 Rfxd8 18. hxg6 fxg6 19. Rxa5 Nb3 20.
Ra3 Nxc1 21. Bxf5 gxf5 22. Kd2 Rac8 23. Kxc1 a6 24. Nh7 Kg7 25. Nf6 Bc6 26. Rh7+ Kf8 27. c4 dxc4 28. Rg3 1-0

[Event "NJSK 2018 Meisjes C"]
[Site "Assen, Netherlands"]
[Date "2018.05.03"]
[Round "5.5"]
[White "Van Essen, Marieke"]
[Black "Honkoop, Stella"]
[Result "1/2-1/2"]
[TimeControl "40/90m+30m+30sec/move"]
[WhiteElo "1282"]
[BlackElo "1583"]

1. e4 d6 2. c4 Nf6 3. Nc3 Nbd7 4. Nf3 e5 5. d3 c6 6. Be2 Be7 7. O-O h6 8. Bd2 Nf8 9. a3 g5 10.
Kh1 Ng6 11. b4 Bd7 12. b5 Qc8 13. a4 a5 14. bxa6 Rxa6 15. Rb1 Nf4 16. Bxf4 gxf4 17. Rg1 Rg8 18. Nd2 Ra7 19. Bf3 Rg5 20.
g3 Bg4 21. Qe2 h5 22. Bxg4 hxg4 23. Nb3 Rh5 24. f3 gxf3 25. Qxf3 Qh3 26. Rb2 Ng4 27. Qg2 f3 28. Qxh3 Rxh3 29.
Rf1 f2 30. Kg2 Rh6 31. Re2 Bg5 32. Nd1 Nxh2 33. Rfxf2 Ng4 34. Rf5 Be7 35. a5 Rh2+ 36. Kf3 Rxe2 37. Kxe2 Bd8 38. c5 Be7 39.
Kf3 Nh6 40. Rh5 Ng8 41. Ne3 f6 42. Nf5 dxc5 43. Nxe7 Nxe7 44. Nxc5 Rxa5 45. Nxb7 Ra1 46. Rh2 Ra7 47. Nc5 1/2-1/2

[Event "NJSK 2018 Meisjes C"]
[Site "Assen, Netherlands"]
[Date "2018.05.03"]
[Round "5.6"]
[White "Den Heijer, Rolinde"]
[Black "Cordes, Jule"]
[Result "1-0"]
[TimeControl "40/90m+30m+30sec/move"]
[WhiteElo "1538"]
[BlackElo "1551"]

1. e4 e5 2. Nf3 Nc6 3. Bc4 Bc5 4. Nc3 d6 5. d3 Bg4 6. h3 Bh5 7. Bg5 Qxg5 8. Nxg5 Bxd1 9. Bxf7+ Kf8 10.
Rxd1 h6 11. Bxg8 Kxg8 12. Ne6 Bb6 13. f4 Kf7 14. f5 Nb4 15. Kd2 Ba5 16. Kc1 a6 17. a3 Nc6 18. b4 Bb6 19. Nd5 Rac8 20.
c3 Na7 21. a4 a5 22. b5 Rhg8 23. Rhf1 h5 24. g4 hxg4 25. hxg4 Rh8 26. Rh1 Kg8 27. Ne7+ Kf7 28. Nxc8 Rxc8 29.
Rh7 Rg8 30. Rdh1 Nc8 31. Rh8 Ne7 32. R1h7 Rxh8 33. Rxh8 g6 34. Rf8# 1-0

[Event "NJSK 2018 Meisjes C"]
[Site "Assen, Netherlands"]
[Date "2018.05.03"]
[Round "5.7"]
[White "Morote, Luna"]
[Black "Arnold, Kiri"]
[Result "1/2-1/2"]
[TimeControl "40/90m+30m+30sec/move"]
[WhiteElo "1415"]
[BlackElo "1340"]

1. e4 c5 2. Nf3 d6 3. d4 cxd4 4.
Nxd4 Nf6 5. Nc3 a6 6. h3 e5 7. Nde2 b5 8. a3 Bb7 9. Ng3 d5 10. exd5 Nxd5 11. Nxd5 Qxd5 12. Qxd5 Bxd5 13.
Be3 Nc6 14. O-O-O Rd8 15. f3 f6 16. Bd3 Kf7 17. Rd2 Be7 18. Rhd1 Be6 19. Be4 Nb8 20. Kb1 Rxd2 21. Rxd2 Rd8 22.
Rxd8 Bxd8 23. Kc1 g6 24. f4 Bc7 25. fxe5 Bxe5 26. Ne2 Bd7 27. Nd4 Bxd4 28. Bxd4 Bc6 29. Bxc6 Nxc6 1/2-1/2

[Event "NJSK 2018 Meisjes C"]
[Site "Assen, Netherlands"]
[Date "2018.05.03"]
[Round "5.8"]
[White "Velasco, Kathleen"]
[Black "Jonkman Inza, Amelia Marry"]
[Result "1/2-1/2"]
[TimeControl "40/90m+30m+30sec/move"]
[WhiteElo "1284"]
[BlackElo "1222"]

1. e4 e6 2. d4 d5 3. exd5 exd5 4. Nf3 Nf6 5. Bd3 c6 6. Bf4 Nbd7 7. O-O Be7 8. Nbd2 O-O 9. Re1 Re8 10.
c3 Nf8 11. h3 Be6 12. Qc2 Rc8 13. Ng5 Bd7 14. Be5 Ng6 15. Ndf3 Qb6 16. Bxg6 hxg6 17. h4 Bf5 18. Qd2 Ne4 19.
Nxe4 Bxe4 20. Bg3 Bxf3 21. gxf3 Bf6 22. Kg2 c5 23. dxc5 Qxc5 24. Rad1 Rxe1 25. Rxe1 d4 26. cxd4 Qxd4 27.
Qxd4 Bxd4 28. Re7 Bxb2 29. Rxb7 Bd4 30. Rc7 Rxc7 31. Bxc7 Bb6 32. Bd6 f5 33. f4 Bd8 34. Kg3 Kh7 35.
Bc5 a6 36. Bd6 Kh6 37. Bf8 Bf6 38. Kh3 Kh5 39. f3 Bxh4 40. Bxg7 Bf2 41. Bf6 Be3 42. Bg5 Bf2 43. a3 Bc5 44.
a4 Be3 45. Kg3 Bd2 46. Kf2 Bc3 47. Ke2 Bd4 48. Be7 Bc3 49. Bg5 Bd4 50. Kd3 Bg1 51. Ke2 Bh2 52. Kf2 1/2-1/2

[Event "NJSK 2018 Meisjes C"]
[Site "Assen, Netherlands"]
[Date "2018.05.04"]
[Round "6.1"]
[White "Huang, Wendy"]
[Black "Bogouslavskii, Veronique"]
[Result "1/2-1/2"]
[TimeControl "40/90m+30m+30sec/move"]
[WhiteElo "1572"]
[BlackElo "1004"]

1. e4 e5 2. Nf3 Nc6 3. Bc4 Be7 4. d4 d6 5. dxe5 dxe5 6. Qxd8+ Bxd8 7. Nc3 Nf6 8. Bb5 Bd7 9. Bg5 Nd4 10.
Bxd7+ Nxd7 11. O-O-O Nxf3 12. Bxd8 Rxd8 13. gxf3 c6 14. Ne2 O-O 15. Rd6 Nf6 16. Rhd1 Rxd6 17. Rxd6 Re8 18. Ng3 Kf8 19.
Nf5 Rc8 20. Kd2 Rb8 21. Ke3 Ne8 22. Rd7 Nf6 23. Rd6 Ne8 24. Rd3 g6 25. Nd6 Nxd6 26. Rxd6 Ke7 27. Rd1 Ke6 28. f4 exf4+ 29. Kxf4 f6 30. h4 Rg8 31. Ke3 b6 32. c3 h6 33. f4 g5 34. fxg5 fxg5 35. Rg1 Ke5 36. Rg2 g4 37. b3 h5 38.
Rf2 Ke6 1/2-1/2

[Event "NJSK 2018 Meisjes C"]
[Site "Assen, Netherlands"]
[Date "2018.05.04"]
[Round "6.2"]
[White "Basa, Manasvita"]
[Black "Hatzmann, Mirthe"]
[Result "1-0"]
[TimeControl "40/90m+30m+30sec/move"]
[WhiteElo "1402"]
[BlackElo "1323"]

1. e4 e5 2. Nf3 Nc6 3. Bc4 Bc5 4. d3 Nf6 5. Nc3 h6 6.
a3 d6 7.
Na4 Bb6 8. Nxb6 axb6 9. h3 Be6 10. Bb5 O-O 11. O-O Na7 12. Ba4 b5 13. Bb3 Bxb3 14. cxb3 Nc6 15. Be3 d5 16. Qc2 d4 17.
Bd2 Qd6 18. Nh4 Nd7 19. Nf5 Qe6 20. f4 f6 21. b4 Rac8 22. Qd1 Ne7 23. Nxe7+ Qxe7 24. f5 Nb6 25. Qg4 Kh8 26. Qf3 Qf7 27.
h4 h5 28. g4 g6 29. Kf2 hxg4 30. Qxg4 Rg8 31. Rg1 Qh7 32. fxg6 Rxg6 33. Qxg6 Qxg6 34. Rxg6 1-0

[Event "NJSK 2018 Meisjes C"]
[Site "Assen, Netherlands"]
[Date "2018.05.04"]
[Round "6.3"]
[White "De Putter, Nina"]
[Black "De Zoeten, Cato"]
[Result "1-0"]
[TimeControl "40/90m+30m+30sec/move"]
[WhiteElo "1672"]
[BlackElo "1496"]

1. e4 c5 2. Nc3 a6 3. f4 b5 4. a4 b4 5. Nce2 Bb7 6. Ng3 d6 7. Nf3 Nf6 8. Bc4 e6 9. d3 Be7 10.
O-O O-O 11. Qe1 Re8 12. e5 Nd5 13. f5 exf5 14. Nxf5 dxe5 15. Qxe5 Bf8 16. Qg3 Qf6 17. N3h4 Kh8 18. Ne3 Qe5 19.
Qxe5 Rxe5 20. Rxf7 Bd6 21. Rxb7 Nxe3 22. Bxe3 Rxe3 23. Nf5 1-0

[Event "NJSK 2018 Meisjes C"]
[Site "Assen, Netherlands"]
[Date "2018.05.04"]
[Round "6.4"]
[White "Den Heijer, Rolinde"]
[Black "Honkoop, Stella"]
[Result "1-0"]
[TimeControl "40/90m+30m+30sec/move"]
[WhiteElo "1538"]
[BlackElo "1583"]

1. e4 d6 2. Nf3 Nf6 3. Nc3 Nbd7 4. Bc4 h6 5. d4 e5 6. dxe5 dxe5 7. Be3 c6 8. a3 Qc7 9. Qd2 Be7 10.
O-O-O Nf8 11. h3 Be6 12. Be2 N8d7 13. Nh4 b5 14. Nf5 Bxf5 15. exf5 b4 16. axb4 Bxb4 17. Qd3 Qa5 18. Nb1 Nc5 19.
Qc4 Ncd7 20. Qxc6 O-O 21. c3 Be7 22. g4 Rfc8 23. Qa6 Qb4 24. Rd2 Nc5 25. Bxc5 Rxc5 26. Rc2 Qf4+ 27. Rd2 Qb4 28.
Qa3 Qb7 29. Rhd1 Kh7 30. Qa2 Rf8 31. Qa4 Qc7 32. f3 Ra5 33. Qc4 Rc5 34. Qa4 Qb7 35. h4 Rb8 36. Qc2 Nd5 37. Qe4 Qb3 38.
f6 g6 39. fxe7 Nb4 40. Rc2 Nxc2 41. Qxc2 Qb6 42. Rd7 Kg7 43. Qd2 Re8 44. Na3 Qa5 45. Nc2 Qb6 46. f4 Kh7 47. h5 Qe6 48.
hxg6 fxg6 49. Rxa7 Rxe7 50. Ra6 Rc6 51. Rxc6 Qxc6 52. fxe5 Rxe5 53. Nd4 Qa4 54. Qf4 Qa1+ 55. Kc2 Qa4+ 56. Kd2 Qe8 57. Kd3 g5 58. Qf3 Qg6+ 59. Kd2 Kg7 60. Qb7+ Kf8 61.
Qb8+ Re8 62. Qb4+ Kg7 63. Nf5+ Kf6 64. Qd6+ Re6 65. Qd8+ Kf7 66. Bc4 1-0

[Event "NJSK 2018 Meisjes C"]
[Site "Assen, Netherlands"]
[Date "2018.05.04"]
[Round "6.5"]
[White "Raulji, Kavya"]
[Black "Van Essen, Marieke"]
[Result "0-1"]
[TimeControl "40/90m+30m+30sec/move"]
[WhiteElo "1394"]
[BlackElo "1282"]

1. e4 e5 2. Nf3 Nc6 3. Bc4 Bc5 4. c3 Nf6 5. d3 d6 6. O-O O-O 7. a4 a5 8. Nbd2 Bg4 9. h3 Be6 10.
Bb3 d5 11. exd5 Bxd5 12. Bc2 Re8 13. Ne4 Nxe4 14. dxe4 Bc4 15. Re1 Re6 16. Qxd8+ Rxd8 17. Be3 Bxe3 18. Rxe3 Red6 19. b3 Bd3 20.
Bxd3 Rxd3 21. Rxd3 Rxd3 22. Rc1 f6 23. Kf1 Nd8 24. Ke2 Rd6 25. Nd2 b6 26. Nc4 Rd7 27. Ne3 Ne6 28. Rb1 Nf4+ 29.
Kf3 Rd3 30. Rc1 Kf7 31. b4 Ke6 32. b5 g6 33. Rc2 f5 34. exf5+ gxf5 35. h4 Nd5 36. c4 Nb4 37. Ke2 e4 38.
Rc1 Ra3 39. Nd5 Nxd5 40. cxd5+ Kd6 41. Rc6+ Kxd5 42. Rxc7 Rxa4 43. Rxh7 Ra2+ 44. Ke3 a4 45. h5 a3 46. h6 f4+ 47.
Kxf4 Rxf2+ 48. Ke3 a2 49. Ra7 Rxg2 50. h7 Rh2 51. Rxa2 Rxh7 52. Rd2+ Ke5 53. Rd8 Rh3+ 54. Ke2 Rb3 55.
Rh8 Kd4 56. Rh5 Rb2+ 57. Kd1 e3 58. Kc1 e2 59. Rh1 Rxb5 60. Re1 Kd3 61. Rh1 Re5 62. Re1 Rc5+ 63. Kb1 Kd2 64. Rxe2+ Kxe2 65.
Ka2 Rb5 66. Ka3 Kd2 67. Ka4 Rb1 68. Ka3 Kc3 69. Ka2 Rb5 70. Ka1 Kc2 71. Ka2 Ra5# 0-1

[Event "NJSK 2018 Meisjes C"]
[Site "Assen, Netherlands"]
[Date "2018.05.04"]
[Round "6.6"]
[White "Martinez, Sara"]
[Black "Morote, Luna"]
[Result "1/2-1/2"]
[TimeControl "40/90m+30m+30sec/move"]
[WhiteElo "1446"]
[BlackElo "1415"]

1. e4 c5 2. Nf3 d6 3. d4 cxd4 4. Qxd4 Nf6 5. Nc3 e5 6. Qd3 Be7 7. Bg5 h6 8. Bxf6 gxf6 9. Nd5 a6 10.
Nxe7 Kxe7 11. Qb3 Qc7 12. Bc4 Be6 13. Bxe6 fxe6 14. Nh4 Rg8 15. O-O-O Nd7 16. Qe3 Rac8 17. Rd2 Qc4 18. Kb1 Nf8 19.
Rhd1 Rc6 20. f3 Rh8 21. g3 Qb5 22. Qa3 Qc4 23. Ng2 Nd7 24. Ne3 Qc5 25. Qb3 b5 26. Qd3 Rhc8 27. Rg2 a5 28.
f4 1/2-1/2

[Event "NJSK 2018 Meisjes C"]
[Site "Assen, Netherlands"]
[Date "2018.05.04"]
[Round "6.7"]
[White "Arnold, Kiri"]
[Black "Velasco, Kathleen"]
[Result "0-1"]
[TimeControl "40/90m+30m+30sec/move"]
[WhiteElo "1340"]
[BlackElo "1284"]

1. d4 d5 2. Nf3 Nf6 3. e3 g6 4. Bd3 Bg7 5. O-O O-O 6. c3 Nbd7 7. Nbd2 c5 8. e4 dxe4 9. Nxe4 cxd4 10.
cxd4 Nxe4 11. Bxe4 Nf6 12. Bd3 b6 13. h3 Bb7 14. Be3 Nd5 15. Qd2 Rc8 16. Rac1 Qd7 17. Be2 Rfd8 18. Rfd1 Rxc1 19.
Rxc1 Rc8 20. a3 Rxc1+ 21. Qxc1 Qd6 22. Qd2 Nxe3 23. fxe3 e5 24. dxe5 Qxd2 25. Nxd2 Bxe5 26. b3 Bd6 27.
a4 Bb4 28. Nf3 Kf8 29. Kf2 Ke7 30. Bc4 f6 31. Nd4 h5 32. Ne2 g5 33. Nd4 Be4 34. Ne2 h4 35. Nd4 a5 36. Nf3 Kd6 37.
Nd4 f5 38. Ne6 g4 39. hxg4 fxg4 40. Nf4 g3+ 41. Ke2 Bc3 42. Kf1 Be5 43. Nh3 Kc5 44. Nf4 Bxf4 45. exf4 Kd6 46. Bg8 Ke7 47.
Bc4 Kf6 48. Bg8 Kf5 49. Bc4 Kxf4 50. Be6 Bf5 51. Bc4 Ke3 52. Bf7 h3 53. gxh3 Bxh3+ 54. Kg1 Bf5 55. Bd5 Bc2 56. Bc4 Kd4 57.
Kg2 Kc3 0-1

[Event "NJSK 2018 Meisjes C"]
[Site "Assen, Netherlands"]
[Date "2018.05.04"]
[Round "6.8"]
[White "Cordes, Jule"]
[Black "Jonkman Inza, Amelia Marry"]
[Result "0-1"]
[TimeControl "40/90m+30m+30sec/move"]
[WhiteElo "1551"]
[BlackElo "1222"]

1. d4 Nf6 2. c4 g6 3. Nc3 Bg7 4. Nf3 O-O 5. Bf4 d6 6. e3 Nbd7 7. Be2 c6 8. O-O Nh5 9. Bg5 h6 10.
Bh4 g5 11. Nd2 Nhf6 12. Bg3 e5 13. dxe5 Nxe5 14. Nde4 Nxe4 15. Nxe4 d5 16. cxd5 Qxd5 17. Qxd5 cxd5 18. Nc3 Be6 19. Rac1 f5 20. Nb5 Rad8 21.
Nc7 Bf7 22. Rfd1 Nc6 23. h3 d4 24. exd4 Nxd4 25. Bd3 f4 26. Bh2 Bxa2 27. Nb5 Bb3 28. Re1 Nxb5 29. Bxb5 Bxb2 30. Rc7 a6 31.
Bf1 Rd1 32. Rxd1 Bxd1 33. Rxb7 Bg7 34. Ra7 Re8 35. Rxa6 Re1 36. Ra2 Bb3 37. Re2 Rd1 38. Re8+ Kh7 39. Rc8 Ba4 40. Rb8 Kg6 41.
Rb6+ Kh7 42. h4 Bd4 43. Rb7 Kg6 44. hxg5 hxg5 45. g4 Bc6 46. Re7 Bf3 47. Bg3 fxg3 48. Re6+ Bf6 49. fxg3 Bxg4 50.
Rb6 Bh3 51. Kf2 Rxf1+ 52. Ke2 Kf5 53. Rb5+ Kg4 54. Rb3 Be5 55. Rb4+ Kxg3 56. Rb3+ Kh2 57. Rxh3 Kxh3 58. Kxf1 Kh2 0-1

[Event "NJSK 2018 Meisjes C"]
[Site "Assen, Netherlands"]
[Date "2018.05.05"]
[Round "7.1"]
[White "Van Essen, Marieke"]
[Black "Basa, Manasvita"]
[Result "0-1"]
[TimeControl "40/90m+30m+30sec/move"]
[WhiteElo "1282"]
[BlackElo "1402"]

1. e4 e5 2. Nf3 Nc6 3. Bc4 Bc5 4. Nc3 Nf6 5. d3 a6 6. a4 d6 7. Be3 Ba7 8. h3 Be6 9. Ba2 d5 10.
exd5 Nxd5 11. d4 Nxc3 12. bxc3 Bxa2 13. Rxa2 e4 14. Nd2 Qd5 15. c4 Qa5 16. Qa1 O-O 17. c3 Qf5 18. g4 Qg6 19.
Qb1 Rfe8 20. Qxb7 Bb6 21. c5 Reb8 22. Qxa8 Rxa8 23. cxb6 cxb6 24. O-O f5 25. Kh2 fxg4 26. hxg4 Qxg4 27.
f3 exf3 28. Nxf3 Ne7 29. Rg2 Qe4 30. Bh6 Nf5 31. Bg5 Ne3 32. Re1 Ng4 33. Kg3 Qf5 34. Rf1 Rf8 35. c4 h6 36. Be7 Rf7 37. Bd6 Ne3 38. Rff2 Qg4+ 39.
Kh2 Nxg2 40. Rxg2 Qxf3 41. Be5 Qh5 42. Kg1 g5 43. d5 Qd1+ 44. Kh2 Rf1 45. Kh3 Rh1 46. Bh2 Qf3 47. Rg3 g4 48.
Kh4 Rxh2 49. Rh3 Rxh3 0-1

[Event "NJSK 2018 Meisjes C"]
[Site "Assen, Netherlands"]
[Date "2018.05.05"]
[Round "7.2"]
[White "Huang, Wendy"]
[Black "Den Heijer, Rolinde"]
[Result "1-0"]
[TimeControl "40/90m+30m+30sec/move"]
[WhiteElo "1572"]
[BlackElo "1538"]

1. e4 e5 2. Nf3 Nf6 3. Nxe5 d6 4. Nf3 Nxe4 5. d3 Nf6 6. Nc3 Be7 7. Be2 Nc6 8. O-O Bf5 9. Be3 Ng4 10.
Nd4 Nxd4 11. Bxd4 Nf6 12. Bf3 c6 13. Bxf6 Bxf6 14. Re1+ Be7 15. Qe2 Qd7 16. d4 Kd8 17. d5 Rb8 18.
dxc6 bxc6 19. Bxc6 Qe6 20. Qa6 Qc8 21. Qxa7 Bf6 22. Nd5 Be6 23. Qa5+ Qc7 24. Qxc7# 1-0